 Dungeon Crawl Stone Soup version 0.29.1-12-g30fa7ad0bf (webtiles) character file.

Game seed: 9098034288117439401

62 cheesebisquit the Ruffian (level 3, 0/37 HPs)
             Began as a Troll Monk on Jan 14, 2023.
             Slain by a hobgoblin (2 damage)
             ... led by Robin
             ... on level 2 of the Dungeon.
             The game lasted 00:05:26 (1426 turns).

cheesebisquit the Ruffian (Troll Monk)              Turns: 1426, Time: 00:05:26

Health: 0/37       AC:  4    Str: 21    XL:     3   Next: 85%
Magic:  2/2        EV: 10    Int:  6    God:
Gold:   112        SH:  0    Dex: 12    Spells: 2/2 levels left

rFire   . . .      SeeInvis .     - Unarmed
rCold   . . .      Faith    .   (no shield)
rNeg    . . .      Spirit   .   a - +0 robe
rPois   .          Reflect  .   (helmet restricted)
rElec   .          Harm     .   (no cloak)
rCorr   .          Rampage  .   (gloves unavailable)
Will    .....                   (boots unavailable)
Stlth   ++........              (no amulet)
HPRegen 0.92/turn               (no ring)
MPRegen 0.08/turn               (no ring)

@: no status effects
A: large, unfitting armour, claws 3, regeneration 1, shaggy fur 1, tough skin 1
a: no special abilities


You were on level 2 of the Dungeon.
You visited 1 branch of the dungeon, and saw 2 of its levels.

You collected 112 gold pieces.

Inventory:

Hand Weapons
 e - a +0 club
Missiles
 d - 42 stones (quivered)
 m - a throwing net
Armour
 a - a +0 robe (worn)
 k - a +2 tower shield
Jewellery
 i - a +4 ring of evasion
Scrolls
 g - a scroll of identify {unknown}
 h - a scroll of butterflies {unknown}
 j - a scroll of enchant armour {unknown}
 l - 2 scrolls of teleportation {unknown}
Potions
 b - a potion of ambrosia
 c - 2 potions of attraction {unknown}
 f - 2 potions of curing {unknown}
 n - 2 potions of cancellation {unknown}
 o - a potion of brilliance {unknown}


   Skills:
 + Level 3.2 Fighting
 - Level 2.5 Dodging
 - Level 1.1 Stealth
 + Level 3.9 Unarmed Combat


You had 2 spell levels left.
You didn't know any spells.
Your spell library contained the following spells:

 Spells                   Type           Power      Damage    Failure   Level
 Gell's Gravitas          Tloc           0%         N/A       83%         3
 Lesser Beckoning         Tloc           0%         N/A       83%         3
 Teleport Other           Tloc           0%         N/A       83%         3


Dungeon Overview and Level Annotations

Branches:
Dungeon (2/15)

Altars:


Innate Abilities, Weirdness & Mutations

You are too large for most types of armour.
You have claws for hands.
Your natural rate of healing is unusually fast.
You are covered in fur. (AC +1)
You have tough skin. (AC +1)


Message History

Robin closely misses you.
You completely miss the goblin.
Robin says, "Bow before me, strongest of all the hobgoblins!"
Robin hits you from afar with a +0 spear.
A goblin comes into view. It is wielding a +0 club.
You claw the goblin!
You kill the goblin!
Robin barely misses you.
You scratch the goblin.
You kill the goblin!
Robin hits you from afar with a +0 spear.
The hobgoblin hits you.
Robin flexes a bicep menacingly.
Robin throws the goblin at you!
Items here: )) ††.
You barely miss Robin. The hobgoblin hits you. The goblin barely misses you.
Robin throws the goblin at you!
You claw Robin!
Robin is almost dead.
The goblin hits you with a +0 club. The hobgoblin hits you.
Robin barely misses you. The goblin closely misses you.
You barely miss Robin.
Robin is almost dead.
Robin hits you with a +0 spear. The hobgoblin barely misses you.
The goblin hits you with a +0 club.
* * * LOW HITPOINT WARNING * * *
The goblin hits you with a +0 club.
* * * LOW HITPOINT WARNING * * *
You barely miss Robin.
Robin is almost dead.
The goblin barely misses you. The goblin misses you.
The hobgoblin closely misses you. Robin barely misses you.
You scratch Robin.
You kill Robin!
The goblin hits you with a +0 club.
* * * LOW HITPOINT WARNING * * *
The goblin hits you with a +0 club.
* * * LOW HITPOINT WARNING * * *
The hobgoblin hits you.
You die...

#.##.# #.##.# #.##.#
###.##.# #####...##.#
......#.##.# #
#####...##.########.#
........##....)g.g..####
######........)g@)......
##################.


You could see a hobgoblin (strong) and 2 goblins.

Vanquished Creatures
  Robin (D:2)
  A dart slug (D:1)
  6 bats
  3 endoplasms
  3 giant cockroaches
  17 goblins
  7 hobgoblins
  3 kobolds
  A quokka (D:1)
  3 ball pythons
  4 frilled lizards
  3 rats (D:1)
52 creatures vanquished.

Vanquished Creatures (others)
  A fungus (D:1)
  6 plants (D:1)
7 creatures vanquished.

Grand Total: 59 creatures vanquished

Notes
Turn   | Place    | Note
-------+----------+-------------------------------------------
     0 | D:1      | cheesebisquit the Troll Monk began the quest for the Orb.
     0 | D:1      | Reached XP level 1. HP: 22/22 MP: 0/0
    87 | D:1      | Reached XP level 2. HP: 29/29 MP: 1/1
   139 | D:1      | Found a faded altar of an unknown god.
   311 | D:1      | Reached XP level 3. HP: 35/36 MP: 2/2
  1404 | D:2      | Noticed Robin
  1426 | D:2      | Killed Robin
  1426 | D:2      | Slain by a hobgoblin

Illustrated notes

Levels and vault maps discovered:
D:1:      dpeg_arrival_round_b, layout_basic,
          shapermc_ecumenical_altar_mp_ritualfount, minmay_heptomino_w4
D:2:      layout_loops_ring, serial_rivers, chequers_serial_rivers_large_a,
          chequers_serial_rivers_room_a, chequers_serial_rivers_small_b,
          chequers_serial_rivers_marsh, chequers_serial_rivers_room_a,
          chequers_serial_rivers_large_b, uniq_natasha, uniq_robin

Skill      XL: |  1  2  3 |
---------------+----------+-----
Fighting       | 3 |  3.2
Dodging        | |  2.5
Stealth        | |  1.1
Unarmed Combat | |  3.9

Action                   || total
-------------------------++-------
Melee: Unarmed           ||   110
Throw: Stone             ||     3
 Stab: Sleeping          ||     2
Armor: Robe              ||    54
Dodge: Dodged            ||    55
